 Dungeon Crawl Stone Soup version 0.19-a0-1468-ge013c26 (webtiles) character file.

403 st0uf the Conjurer (level 6, -5/45 HPs)
             Began as a Draconian Conjurer on Sept 7, 2016.
             Slain by Xiguana's ghost (12 damage)
             ... on level 4 of the Dungeon.
             The game lasted 00:20:01 (3788 turns).

st0uf the Conjurer (Draconian Conjurer)             Turns: 3788, Time: 00:20:03

Health: -5/45      AC:  9    Str: 10    XL:     6   Next: 55%
Magic:  1/22       EV: 12    Int: 18    God:
Gold:   435        SH:  0    Dex: 11    Spells: 3 memorised, 8 levels left

rFire  . . .     SeeInvis .     (no weapon)
rCold  . . .     Gourm    .     (armour unavailable)
rNeg   . . .     Faith    .     (no shield)
rPois  .         Spirit   .     (helmet restricted)
rElec  .         Dismiss  .     t - +2 cloak
rCorr  .         Reflect  .     (no gloves)
MR     +....     Harm     .     (no boots)
Stlth  ++........               (no amulet)
                                i - ring of magical power
                                r - ring of protection from magic

@: lethally poisoned (-5 -> -11), very slightly contaminated
A: unfitting armour, cold-blooded, AC +6
a: no special abilities


You were on level 4 of the Dungeon.
You were near starving.

You visited 1 branch of the dungeon, and saw 4 of its levels.
You also visited: Ossuary.

You collected 435 gold pieces.

Inventory:

Armour
 t - a +2 cloak (worn)
Jewellery
 g - an uncursed ring of see invisible
 i - a ring of magical power (right hand)
 q - an uncursed ring of flight
 r - a ring of protection from magic (left hand)
Scrolls
 c - 2 scrolls of recharging {unknown}
 j - a scroll of fog {unknown}
 k - 3 scrolls of teleportation {unknown}
 l - 2 scrolls of magic mapping {unknown}
 m - a scroll of blinking {unknown}
 o - 2 scrolls of identify {unknown}
 u - a scroll of enchant armour {unknown}
 w - a scroll of amnesia {unknown}
 y - a scroll of immolation {unknown}
Potions
 d - a potion of mutation {unknown}
 e - a potion of resistance {unknown}
 h - a potion of magic {unknown}
 n - 2 potions of haste {unknown}
 p - 2 potions of curing {unknown}
 s - a potion of agility {unknown}
 v - a potion of cancellation {unknown}
Books
 a - a book of Conjurations

   Spells                             Type                      Level
   a - Magic Dart                     Conjuration                  1
   b - Searing Ray                    Conjuration                  2
   c - Dazzling Spray                 Conjuration/Hexes            3
   d - Fulminant Prism                Conjuration/Hexes            4
   e - Iskenderun's Mystic Blast      Conjuration                  4
   f - Iskenderun's Battlesphere      Conjuration/Charms           5
Comestibles
 b - 3 bread rations
 f - 2 meat rations
 x - a royal jelly


   Skills:
 - Level 1.7 Dodging
 - Level 1.7 Stealth
 * Level 4.7 Spellcasting
 + Level 5.4 Conjurations
 + Level 2.6 Hexes


You had 8 spell levels left.
You knew the following spells:

 Your Spells              Type           Power        Failure   Level  Hunger
a - Magic Dart            Conj           ###.         1%          1    None
b - Searing Ray           Conj           ###...       1%          2    #......
c - Dazzling Spray        Conj/Hex       ###...       10%         3    ###....


Dungeon Overview and Level Annotations

Branches:
Dungeon (4/15)
 Temple: D:4-7

Altars:
Dithmenos
Elyvilon
Fedhas
Makhleb

Shops:
D:4 *[=

Annotations:
D:4 Xiguana's ghost, amateur DsCK


Innate Abilities, Weirdness & Mutations

Your plain brown scales are hard. (AC +6)
Your body does not fit into most forms of armour.
You are cold-blooded and may be slowed by cold attacks.


Message History

The worker ant bites you but does no damage.
The searing ray misses the worker ant.
The searing ray hits Xiguana's ghost.
Xiguana's ghost is almost destroyed.
The worker ant bites you.
* * * LOW HITPOINT WARNING * * *
You are poisoned.
The worker ant poisons you!
The worker ant bites you but does no damage.
The searing ray hits the worker ant.
You kill the worker ant!
* * * LOW HITPOINT WARNING * * *
You feel sick.
The searing ray hits Xiguana's ghost.
Xiguana's ghost is almost destroyed.
You finish channeling your searing ray.
* * * LOW HITPOINT WARNING * * *
You feel sick.
Xiguana's ghost hits you but does no damage.
You are electrocuted!
You die...

#.######....#.........##....
#...........#.........##.##.
.........W..#............ #.
...........##.........## ##
..........W#########.## #
........##a...# #.# #
........#####.# #.#######
..#.....# #...# ####.......#
. #.....# #@### #...........
#.....###W#####...........
#.......#.....+...........
........######...........
..........W..#.........).
........###.##...........
........# #.##...........
........# #.......#######
........# ####...∩## #.W.


You could see Xiguana's ghost.

Vanquished Creatures
  A scorpion (D:4)
  An orc priest (D:4)
  A gnoll shaman (D:4)
  An orc wizard (D:4)
  A mummy (Ossuary)
  A worker ant (D:4)
  7 gnolls
  3 adders
  3 oozes
  6 worms
  2 dart slugs
  A giant gecko (D:1)
  7 orcs
  3 ball pythons
  2 giant cockroaches
  10 goblins
  5 hobgoblins
  5 jackals
  A quokka (D:2)
  5 bats
  5 giant newts
  8 kobolds
  11 rats
90 creatures vanquished.

Vanquished Creatures (others)
  A withered plant (Ossuary)
1 creature vanquished.

Grand Total: 91 creatures vanquished

Notes
Turn   | Place    | Note
-------+----------+-------------------------------------------
     0 | D:1      | st0uf the Draconian Conjurer began the quest for the Orb.
     0 | D:1      | Reached XP level 1. HP: 14/14 MP: 3/3
   386 | D:1      | Reached XP level 2. HP: 20/20 MP: 0/5
   390 | D:1      | Learned a level 2 spell: Searing Ray
  1023 | D:2      | Reached XP level 3. HP: 26/26 MP: 7/7
  1131 | D:2      | Learned a level 3 spell: Dazzling Spray
  1522 | D:2      | Reached XP level 4. HP: 33/33 MP: 8/8
  1807 | D:2      | Reached skill level 1 in Hexes
  2220 | D:3      | Reached XP level 5. HP: 38/38 MP: 10/10
  2742 | D:3      | Reached skill level 5 in Conjurations
  2770 | D:4      | Found Libynoge's Armour Emporium.
  2771 | D:4      | Found Ponn's General Store.
  2910 | D:4      | Reached XP level 6. HP: 30/45 MP: 2/12
  2917 | D:4      | Found a sand-covered staircase.
  3125 | Ossuary  | Entered an ossuary
  3130 | Ossuary  | Noticed Soeti's ghost (amateur DsFi)
  3416 | D:4      | Noticed Xiguana's ghost (amateur DsCK)
  3462 | D:4      | Found Ezis's Jewellery Shoppe.
  3523 | D:4      | Found a shadowy altar of Dithmenos.
  3528 | D:4      | Found a blossoming altar of Fedhas.
  3528 | D:4      | Found a white marble altar of Elyvilon.
  3528 | D:4      | Found a burning altar of Makhleb.
  3788 | D:4      | Slain by Xiguana's ghost

Vault maps used:
D:1:      enne_arrival_octagon_isle, corexii_leaking_fountain,
          corexii_corridor_pit, minmay_nonomino_d4
D:2:      roderic_bipointed_swastika, hex_large
D:3:      kennysheep_generic_room_4
D:4:      minitemple, first_bread, serial_shops, shop_coins,
          nicolae_shop_overgrown_old_shop, shop, shop, shop,
          nicolae_ossuary_entry_ruins, amethyst_killhole, serial_park_tiny_2,
          minmay_misc_feat_cross
Ossuary:  ossuary_zaba_flooded

Skill      XL: |  1  2  3  4  5 |
---------------+----------------+-----
Spellcasting   | 3 4 |  4.7
Hexes          | 1 2 |  2.6
Conjurations   | 5 |  5.4
Dodging        | |  1.7
Stealth        | |  1.7

Action                   |  1- 3 |  4- 6 || total
-------------------------+-------+-------++-------
Melee: Unarmed           |     4 |     8 ||    12
       Tailslap          |     1 |     2 ||     3
 Cast: Magic Dart        |    93 |    63 ||   156
       Searing Ray       |     2 |    22 ||    24
       Dazzling Spray    |       |    15 ||    15
  Eat: Chunk             |     3 |     6 ||     9
       Fruit             |       |     1 ||     1
Armor: Skin              |     8 |    31 ||    39
Dodge: Dodged            |    11 |    59 ||    70
